3L
HOUSTON 1837 COLT .45S @ CHICAGO HAWKS
08/13/2018
 
TOP OF THE 1ST
Houston 1837 Colt .45s batting - Pitching for Chicago Hawks : RHP Seth Rice
Pitching: RHP Seth Rice
Batting: RHB Rodrigo Luna 0-0: Ball
1-0: Ball
2-0: Ball
3-0: Base on Balls
Batting: LHB Vance Cannon 0-0: Called Strike
0-1: Foul Ball, location: 2F
0-2: Strikes out looking
Batting: LHB Pedro Moreno 0-0: Fielders Choice at 2nd, 4-6 (Groundball, 4)
Batting: RHB Carlos Vela 0-0: Called Strike
Pedro Moreno steals 2nd base
0-1: Ball
1-1: Ball
2-1: Fly out, F9 (Popup, 4D)
Top of the 1st over - 0 run(s), 0 hit(s), 0 error(s), 1 left on base; Houston 1837 0 - Chicago 0
BOTTOM OF THE 1ST
Chicago Hawks batting - Pitching for Houston 1837 Colt .45s : RHP Pedro Martínez
Pitching: RHP Pedro Martínez
Batting: LHB Paul Wilson 0-0: Called Strike
0-1: Ball
1-1: Ball
2-1: Ball
3-1: Foul Ball, location: 2F
3-2: Ground out 2-3 (Groundball, 23)
Batting: RHB Ed Whitaker 0-0: Foul Ball, location: 2F
0-1: Ground out 6-3 (Groundball, 6)
Batting: RHB Bryan Manning 0-0: SINGLE (Groundball, 6M)
Batting: LHB Bobby Moore 0-0: Ball
1-0: Ball
2-0: Foul Ball, location: 2F
2-1: Ball
3-1: Called Strike
3-2: Base on Balls
Bryan Manning to second
Batting: LHB Mal Wadley 0-0: Ball
1-0: Foul Ball, location: 2F
1-1: Fly out, F4 (Line Drive, 4M)
Bottom of the 1st over - 0 run(s), 1 hit(s), 0 error(s), 2 left on base; Houston 1837 0 - Chicago 0
TOP OF THE 2ND
Houston 1837 Colt .45s batting - Pitching for Chicago Hawks : RHP Seth Rice
Batting: RHB Rob Warner 0-0: Ball
1-0: Ground out 6-3 (Groundball, 6S)
Batting: RHB Kyle Taylor 0-0: Ball
1-0: Ball
2-0: Foul Ball, location: 2F
2-1: Foul Ball, location: 2F
2-2: DOUBLE (Line Drive, 7LS)
Batting: LHB Juan Rodríguez 0-0: Ball
1-0: Foul Ball, location: 2F
1-1: Ground out U3 (Groundball, 3L)
Kyle Taylor to third
Batting: LHB Kyle Bass 0-0: Foul Ball, location: 2F
0-1: Ground out 4-3 (Groundball, 13)
Top of the 2nd over - 0 run(s), 1 hit(s), 0 error(s), 1 left on base; Houston 1837 0 - Chicago 0
BOTTOM OF THE 2ND
Chicago Hawks batting - Pitching for Houston 1837 Colt .45s : RHP Pedro Martínez
Batting: RHB Jack Tucker 0-0: Ball
1-0: Ground out 2-3 (Groundball, 2R)
Batting: RHB José Bravo 0-0: Ball
1-0: Called Strike
1-1: Called Strike
1-2: Ball
2-2: Foul Ball, location: 2F
2-2: Foul Ball, location: 2F
2-2: Ball
3-2: Foul Ball, location: 2F
3-2: Foul Ball, location: 2F
3-2: Base on Balls
Batting: RHB Ted Young 0-0: Fly out, F9 (Flyball, 9S)
Batting: LHB Seth Rice 0-0: Ball
1-0: Foul Ball, location: 2F
1-1: Ball
2-1: Foul Ball, location: 2F
2-2: Ball
3-2: Foul Ball, location: 2F
3-2: Foul Ball, location: 2F
3-2: Fly out, F9 (Flyball, 89M)
Bottom of the 2nd over - 0 run(s), 0 hit(s), 0 error(s), 1 left on base; Houston 1837 0 - Chicago 0
TOP OF THE 3RD
Houston 1837 Colt .45s batting - Pitching for Chicago Hawks : RHP Seth Rice
Batting: RHB Pedro Martínez 0-0: Ball
1-0: Foul Ball, location: 2F
1-1: Ball
2-1: Ball
3-1: Base on Balls
Batting: RHB Rodrigo Luna 0-0: Fly out, F7 (Flyball, 78D)
Batting: LHB Vance Cannon 0-0: Ball
1-0: Fly out, F9 (Flyball, 9D)
Batting: LHB Pedro Moreno 0-0: Called Strike
0-1: Ground out 4-3 (Groundball, 4)
Top of the 3rd over - 0 run(s), 0 hit(s), 0 error(s), 1 left on base; Houston 1837 0 - Chicago 0
BOTTOM OF THE 3RD
Chicago Hawks batting - Pitching for Houston 1837 Colt .45s : RHP Pedro Martínez
Batting: LHB Paul Wilson 0-0: Ball
1-0: Ball
2-0: SINGLE (Groundball, 56D)
Batting: RHB Ed Whitaker 0-0: Swinging Strike
0-1: Swinging Strike
0-2: Ball
1-2: Ball
2-2: Ball
3-2: Strikes out looking
Throwing error on steal attempt, E2
Paul Wilson to third
Batting: RHB Bryan Manning 0-0: Ball
1-0: Foul Ball, location: 2F
1-1: Ball
2-1: Fly out, F7 (Line Drive, 7LM)
Runner from 3rd tags up, SCORES, no throw
Batting: LHB Bobby Moore 0-0: Ball
1-0: Ball
2-0: Called Strike
2-1: Ball
3-1: Fly out, F7 (Flyball, 7LSF)
Bottom of the 3rd over - 1 run(s), 1 hit(s), 1 error(s), 0 left on base; Houston 1837 0 - Chicago 1
TOP OF THE 4TH
Houston 1837 Colt .45s batting - Pitching for Chicago Hawks : RHP Seth Rice
Batting: RHB Carlos Vela 0-0: Ball
1-0: Ground out 5-3 (Groundball, 56)
Batting: RHB Rob Warner 0-0: Foul Ball, location: 2F
0-1: Swinging Strike
0-2: Foul Ball, location: 2F
0-2: Ball
1-2: Ground out 5-3 (Groundball, 56)
Batting: RHB Kyle Taylor 0-0: Foul Ball, location: 2F
0-1: Ball
1-1: SINGLE (Line Drive, 9LS)
Batting: LHB Juan Rodríguez 0-0: Foul Ball, location: 2F
0-1: Called Strike
0-2: Fly out, F7 (Flyball, 78S)
Top of the 4th over - 0 run(s), 1 hit(s), 0 error(s), 1 left on base; Houston 1837 0 - Chicago 1
BOTTOM OF THE 4TH
Chicago Hawks batting - Pitching for Houston 1837 Colt .45s : RHP Pedro Martínez
Batting: LHB Mal Wadley 0-0: Ball
1-0: Hit by Pitch
Batting: RHB Jack Tucker 0-0: Ball
1-0: Grounds into double play, 6-4-3 (Groundball, 6M)
Batting: RHB José Bravo 0-0: SINGLE (Groundball, 4M)
Batting: RHB Ted Young 0-0: Fly out, F9 (Popup, 34D)
Bottom of the 4th over - 0 run(s), 1 hit(s), 0 error(s), 1 left on base; Houston 1837 0 - Chicago 1
TOP OF THE 5TH
Houston 1837 Colt .45s batting - Pitching for Chicago Hawks : RHP Seth Rice
Batting: LHB Kyle Bass 0-0: Ball
1-0: Ball
2-0: SINGLE (Line Drive, 89S)
Batting: RHB Pedro Martínez 0-0: Ball
1-0: Ball
2-0: Sac Bunt - play at first, batter OUT! 1-4
Kyle Bass to second
Batting: RHB Rodrigo Luna 0-0: Ball
1-0: Foul Ball, location: 2F
1-1: Foul Ball, location: 2F
1-2: Ball
2-2: Foul Ball, location: 2F
2-2: Ball
3-2: Strikes out swinging
Batting: LHB Vance Cannon 0-0: Ball
1-0: Called Strike
1-1: Fly out, F9 (Flyball, 9M)
Top of the 5th over - 0 run(s), 1 hit(s), 0 error(s), 1 left on base; Houston 1837 0 - Chicago 1
BOTTOM OF THE 5TH
Chicago Hawks batting - Pitching for Houston 1837 Colt .45s : RHP Pedro Martínez
Batting: LHB Seth Rice 0-0: Ball
1-0: Ground out 4-3 (Groundball, 4)
Batting: LHB Paul Wilson 0-0: Bunt for hit - play at first, batter OUT! 1-4
Batting: RHB Ed Whitaker 0-0: Called Strike
0-1: Ball
1-1: Ball
2-1: Called Strike
2-2: Fly out, F9 (Flyball, 89D)
Bottom of the 5th over - 0 run(s), 0 hit(s), 0 error(s), 0 left on base; Houston 1837 0 - Chicago 1
TOP OF THE 6TH
Houston 1837 Colt .45s batting - Pitching for Chicago Hawks : RHP Seth Rice
Batting: LHB Pedro Moreno 0-0: Ball
1-0: Ball
2-0: Ball
3-0: Base on Balls
Batting: RHB Carlos Vela 0-0: Called Strike
Pedro Moreno steals 2nd base
0-1: Ball
1-1: Ball
2-1: Foul Ball, location: 2F
2-2: Ground out 1-3 (Groundball, 15S)
Batting: RHB Rob Warner 0-0: Called Strike
0-1: Ball
1-1: Ball
2-1: Ball
3-1: Foul Ball, location: 2F
3-2: Foul Ball, location: 2F
3-2: Fly out, F8 (Flyball, 89S)
Batting: RHB Kyle Taylor 0-0: Ball
1-0: Called Strike
1-1: SINGLE (Line Drive, 56)
Pedro Moreno to third
Batting: LHB Juan Rodríguez 0-0: Ball
1-0: Called Strike
1-1: SINGLE (Line Drive, 6MD)
Pedro Moreno scores
Kyle Taylor to second
Runner from 2nd tries for 3rd, SAFE, throw made to third
Batting: LHB Kyle Bass 0-0: Ball
1-0: Called Strike
1-1: Ball
2-1: Fly out, F9 (Flyball, 9LD)
Top of the 6th over - 1 run(s), 2 hit(s), 0 error(s), 2 left on base; Houston 1837 1 - Chicago 1
BOTTOM OF THE 6TH
Chicago Hawks batting - Pitching for Houston 1837 Colt .45s : RHP Pedro Martínez
Batting: RHB Bryan Manning 0-0: Foul Ball, location: 2F
0-1: Ball
1-1: SINGLE (Groundball, 56D)
Batting: LHB Bobby Moore 0-0: Called Strike
0-1: Ball
1-1: Fly out, F6 (Line Drive, 6)
Batting: LHB Mal Wadley 0-0: Foul Ball, location: 2F
0-1: TRIPLE (Line Drive, 9LM)
Bryan Manning scores
Batting: RHB Jack Tucker 0-0: Ball
1-0: Called Strike
1-1: Called Strike
1-2: Fly out, F3 (Popup, 13)
Batting: RHB José Bravo 0-0: Called Strike
0-1: Fly out, F9 (Flyball, 9S)
Bottom of the 6th over - 1 run(s), 2 hit(s), 0 error(s), 1 left on base; Houston 1837 1 - Chicago 2
TOP OF THE 7TH
Houston 1837 Colt .45s batting - Pitching for Chicago Hawks : RHP Seth Rice
Batting: RHB Pedro Martínez 0-0: Called Strike
0-1: Called Strike
0-2: Ball
1-2: Ball
2-2: Strikes out swinging
Batting: RHB Rodrigo Luna 0-0: Ground out 5-3 (Groundball, 56S)
Batting: LHB Vance Cannon 0-0: SINGLE (Groundball, 5D)
Batting: LHB Pedro Moreno 0-0: Ball
1-0: Ball
2-0: Ball
3-0: Called Strike
3-1: Base on Balls
Vance Cannon to second
Batting: RHB Carlos Vela 0-0: Ball
1-0: Ground out 5-3 (Groundball, 5L)
Top of the 7th over - 0 run(s), 1 hit(s), 0 error(s), 2 left on base; Houston 1837 1 - Chicago 2
BOTTOM OF THE 7TH
Chicago Hawks batting - Pitching for Houston 1837 Colt .45s : RHP Pedro Martínez
Batting: RHB Ted Young 0-0: Swinging Strike
0-1: Ball
1-1: Ball
2-1: SINGLE (Popup, 3)
Batting: LHB Seth Rice 0-0: Bunted foul
0-1: Ball
1-1: Sac Bunt - play at first, batter OUT! 1-4
Ted Young to second
Batting: LHB Paul Wilson 0-0: Called Strike
0-1: Ball
1-1: Ball
2-1: Ball
3-1: DOUBLE (Flyball, 7M)
Ted Young scores
Pinch Runner at 2nd Raúl Hernández:
Batting: RHB Ed Whitaker 0-0: Ball
1-0: Ball
2-0: Called Strike
2-1: Fly out, F9 (Flyball, 9LM)
Pitching: RHP Ramón Aguilera
Batting: RHB Bryan Manning 0-0: Fly out, F8 (Flyball, 78D)
Bottom of the 7th over - 1 run(s), 2 hit(s), 0 error(s), 1 left on base; Houston 1837 1 - Chicago 3
TOP OF THE 8TH
Houston 1837 Colt .45s batting - Pitching for Chicago Hawks : RHP Seth Rice
Now in CF: Raúl Hernández
Now in RF: Mark Kennedy
Batting: RHB Rob Warner 0-0: Foul Ball, location: 2F
0-1: Ball
1-1: Ball
2-1: Ball
3-1: Base on Balls
Batting: RHB Kyle Taylor 0-0: Called Strike
0-1: Foul Ball, location: 2F
0-2: Ball
1-2: Grounds into double play, 1-6-3 (Groundball, 13S)
Batting: LHB Juan Rodríguez 0-0: Fly out, F9 (Flyball, 9M)
Top of the 8th over - 0 run(s), 0 hit(s), 0 error(s), 0 left on base; Houston 1837 1 - Chicago 3
BOTTOM OF THE 8TH
Chicago Hawks batting - Pitching for Houston 1837 Colt .45s : RHP Ramón Aguilera
Batting: SHB Mark Kennedy 0-0: Ball
1-0: Ball
2-0: Called Strike
2-1: Fly out, F8 (Flyball, 8RM)
Batting: LHB Mal Wadley 0-0: Foul Ball, location: 2F
0-1: Called Strike
0-2: Ball
1-2: Strikes out swinging
Batting: RHB Jack Tucker 0-0: Ball
1-0: Called Strike
1-1: Ball
2-1: Ball
3-1: Base on Balls
Batting: RHB José Bravo 0-0: Ball
1-0: Foul Ball, location: 2F
1-1: Ground out U3 (Groundball, 3S)
Bottom of the 8th over - 0 run(s), 0 hit(s), 0 error(s), 1 left on base; Houston 1837 1 - Chicago 3
TOP OF THE 9TH
Houston 1837 Colt .45s batting - Pitching for Chicago Hawks : RHP Seth Rice
Pitching: RHP Jim Dixon
Now at C: Daryl Moore
Batting: LHB Kyle Bass 0-0: SINGLE (Flyball, 6MD)
Pinch Hitting: LHB George Valentine 0-0: Called Strike
0-1: Called Strike
0-2: Foul Ball, location: 2F
0-2: Foul Ball, location: 2F
0-2: Strikes out swinging
Batting: RHB Rodrigo Luna 0-0: Ball
1-0: 2-RUN HOME RUN (Line Drive, 7D), Distance : 346 ft
Pitching: RHP Alberto Salinas
Batting: LHB Vance Cannon 0-0: Called Strike
0-1: Fly out, F8 (Flyball, 8RM)
Batting: LHB Pedro Moreno 0-0: Called Strike
0-1: Ball
1-1: Ground out 4-3 (Groundball, 4)
Top of the 9th over - 2 run(s), 2 hit(s), 0 error(s), 0 left on base; Houston 1837 3 - Chicago 3
BOTTOM OF THE 9TH
Chicago Hawks batting - Pitching for Houston 1837 Colt .45s : RHP Ramón Aguilera
Pitching: LHP Augusto Jaramillo
Batting: RHB Ted Young 0-0: Called Strike
0-1: Fly out, F7 (Flyball, 7LS)
Batting: SHB Daryl Moore 0-0: Swinging Strike
0-1: Called Strike
0-2: Ball
1-2: Ball
2-2: Ball
3-2: Fly out, F7 (Flyball, 78XD)
Pinch Hitting: SHB Esteban Márquez 0-0: Called Strike
0-1: Foul Ball, location: 2F
0-2: Ball
1-2: Strikes out looking
Bottom of the 9th over - 0 run(s), 0 hit(s), 0 error(s), 0 left on base; Houston 1837 3 - Chicago 3
TOP OF THE 10TH
Houston 1837 Colt .45s batting - Pitching for Chicago Hawks : RHP Alberto Salinas
Now in RF: Esteban Márquez
Batting: RHB Carlos Vela 0-0: Ball
1-0: Called Strike
1-1: Ball
2-1: Ball
3-1: Ground out 5-3 (Groundball, 56S)
Batting: RHB Rob Warner 0-0: Ball
1-0: Ball
2-0: Called Strike
2-1: Foul Ball, location: 2F
2-2: Ball
3-2: SINGLE (Groundball, 5D)
Batting: RHB Kyle Taylor 0-0: Foul Ball, location: 2F
0-1: Foul Ball, location: 2F
0-2: Ball
1-2: Foul Ball, location: 2F
1-2: Ball
2-2: Ball
3-2: Strikes out looking
Batting: LHB Juan Rodríguez 0-0: Called Strike
0-1: Ball
1-1: Foul Ball, location: 2F
1-2: Foul Ball, location: 2F
1-2: Strikes out looking
Top of the 10th over - 0 run(s), 1 hit(s), 0 error(s), 1 left on base; Houston 1837 3 - Chicago 3
BOTTOM OF THE 10TH
Chicago Hawks batting - Pitching for Houston 1837 Colt .45s : LHP Augusto Jaramillo
Batting: RHB Ed Whitaker 0-0: Ball
1-0: Called Strike
1-1: Ball
2-1: SINGLE (Groundball, 6) (infield hit)
Batting: RHB Bryan Manning 0-0: Ball
1-0: Ball
2-0: Foul Ball, location: 2F
2-1: Swinging Strike
2-2: Ball
3-2: Base on Balls
Ed Whitaker to second
Batting: SHB Mark Kennedy 0-0: Fielders Choice at 2nd, 1-4 (Groundball, 15)
Ed Whitaker to third
Batting: LHB Mal Wadley 0-0: Ball
1-0: Called Strike
1-1: Called Strike
1-2: Foul Ball, location: 2F
1-2: Fly out, F8 (Flyball, 8RS)
Pinch Hitting: LHB Jorge Montoya 0-0: Ball
1-0: Called Strike
1-1: Swinging Strike
1-2: Ball
2-2: Strikes out swinging
Bottom of the 10th over - 0 run(s), 1 hit(s), 0 error(s), 2 left on base; Houston 1837 3 - Chicago 3
TOP OF THE 11TH
Houston 1837 Colt .45s batting - Pitching for Chicago Hawks : RHP Alberto Salinas
Pitching: RHP José Lozano
Batting: LHB Kyle Bass 0-0: Ground out 4-3 (Groundball, 4)
Pinch Hitting: LHB Bob Hensley 0-0: Foul Ball, location: 2F
0-1: Called Strike
0-2: Ball
1-2: Ball
2-2: Strikes out swinging
Batting: RHB Rodrigo Luna 0-0: Swinging Strike
0-1: SINGLE (Groundball, 5D)
Batting: LHB Vance Cannon 0-0: Ball
1-0: Ball
2-0: Ball
3-0: Base on Balls
Rodrigo Luna to second
Batting: LHB Pedro Moreno 0-0: Called Strike
0-1: Foul Ball, location: 2F
0-2: Strikes out swinging
Top of the 11th over - 0 run(s), 1 hit(s), 0 error(s), 2 left on base; Houston 1837 3 - Chicago 3
BOTTOM OF THE 11TH
Chicago Hawks batting - Pitching for Houston 1837 Colt .45s : LHP Augusto Jaramillo
Pitching: LHP Jerry Clephane
Batting: RHB José Bravo 0-0: Foul Ball, location: 2F
0-1: Ball
1-1: Ball
2-1: Ball
3-1: Foul Ball, location: 2F
3-2: Foul Ball, location: 2F
3-2: Strikes out swinging
Batting: RHB Ted Young 0-0: Foul Ball, location: 2F
0-1: Fly out, F6 (Popup, 56)
Batting: SHB Daryl Moore 0-0: Called Strike
0-1: Called Strike
0-2: SINGLE (Line Drive, 89M)
Batting: SHB Esteban Márquez 0-0: Ball
1-0: Called Strike
1-1: Foul Ball, location: 2F
1-2: Foul Ball, location: 2F
1-2: Strikes out swinging
Bottom of the 11th over - 0 run(s), 1 hit(s), 0 error(s), 1 left on base; Houston 1837 3 - Chicago 3
TOP OF THE 12TH
Houston 1837 Colt .45s batting - Pitching for Chicago Hawks : RHP José Lozano
Batting: RHB Carlos Vela 0-0: Called Strike
0-1: Swinging Strike
0-2: Ball
1-2: Ball
2-2: Strikes out swinging
Batting: RHB Rob Warner 0-0: Called Strike
0-1: SINGLE (Line Drive, 7S)
Batting: RHB Kyle Taylor 0-0: Called Strike
0-1: Ball
1-1: Called Strike
1-2: Fly out, F9 (Flyball, 89S)
Batting: LHB Juan Rodríguez 0-0: Ball
1-0: Called Strike
1-1: Fly out, F5 (Popup, 5L)
Top of the 12th over - 0 run(s), 1 hit(s), 0 error(s), 1 left on base; Houston 1837 3 - Chicago 3
BOTTOM OF THE 12TH
Chicago Hawks batting - Pitching for Houston 1837 Colt .45s : LHP Jerry Clephane
Batting: RHB Ed Whitaker 0-0: Ball
1-0: Ground out 6-3 (Groundball, 6)
Batting: RHB Bryan Manning 0-0: Ball
1-0: SINGLE (Groundball, 56D)
Batting: SHB Mark Kennedy 0-0: Ball
1-0: SINGLE (Flyball, 9S)
Bryan Manning to second
Runner from 2nd tries for 3rd, SAFE, throw made to third
Mark Kennedy to second
Pinch Runner at 3rd Tim Powell:
Batting: LHB Mal Wadley 0-0: Intentional Walk
Batting: RHB José Lozano 0-0: Ball
1-0: Called Strike
1-1: Ball
2-1: SINGLE (Line Drive, 89M)
Tim Powell scores
This league is powered by Out of the Park Baseball, the baseball management simulation game for PC, Mac and Linux
Monday, May 4th, 2015 - OOTP Baseball 15.6 Build 34